 Dungeon Crawl Stone Soup version 0.28.0 (webtiles) character file.

Game seed: 15645443614514401355

5292 funkygono the Thaumaturge (level 10, -5/57 HPs)
             Began as a Gargoyle Fire Elementalist on Feb 15, 2022.
             Was a Follower of Vehumet.
             Slain by a gnoll sergeant (9 damage)
             ... in a bailey.
             The game lasted 00:18:52 (9581 turns).

funkygono the Thaumaturge (GrFE)                    Turns: 9581, Time: 00:18:53

Health: -5/57      AC: 21    Str: 10    XL:     10   Next: 63%
Magic:  0/23       EV: 12    Int: 20    God:    Vehumet [*.....]
Gold:   448        SH:  5    Dex: 12    Spells: 8/27 levels left

rFire   . . .      SeeInvis .   e - +3 flail (protect)
rCold   . . .      Faith    .   (no shield)
rNeg    + . .      Spirit   .   a - +0 robe
rPois   ∞          Reflect  +   j - +0 helmet
rElec   +          Harm     .   s - +1 cloak
rCorr   .          Rampage  .   z - +0 pair of gloves
Will    .....                   (no boots)
Stlth   +.........              g - amulet of reflection
HPRegen 0.19/turn               l - +4 ring of protection
MPRegen 0.18/turn               r - +4 ring of protection

@: lit by a corona, glowing
A: sickness immunity, AC +7, negative energy resistance 1, electricity
resistance, torment resistance 1, petrification resistance, agile 1, robust 1,
weak 1
a: Renounce Religion


You were in a bailey.
You worshipped Vehumet.
Vehumet was aware of your devotion.
You visited 2 branches of the dungeon, and saw 9 of its levels.
You also visited: Bailey.

You collected 448 gold pieces.

Inventory:

Hand Weapons
 c - a +1 whip
 e - a +3 flail of protection (weapon)
 q - a +0 whip of venom
 x - a +0 whip of freezing
Missiles
 f - 262 stones
 C - 2 throwing nets
Armour
 a - a +0 robe (worn)
 j - a +0 helmet (worn)
 k - an orb of mayhem
 s - a +1 cloak (worn)
 y - +0 swamp dragon scales
 z - a +0 pair of gloves (worn)
Jewellery
 g - an amulet of reflection (around neck)
 l - a +4 ring of protection (left hand)
 r - a +4 ring of protection (right hand)
Wands
 m - a wand of iceblast (5)
 t - a wand of acid (12)
 u - a wand of flame (23)
Scrolls
 b - a scroll of holy word
 n - 3 scrolls of fear
 B - a scroll of blinking
Potions
 d - a potion of cancellation
 o - 2 potions of curing
 w - a potion of lignification


   Skills:
 + Level 1.1 Fighting
 + Level 2.1 Dodging
 - Level 2.1 Stealth
 + Level 0.4 Shields
 * Level 9.4 Spellcasting
 * Level 7.9 Conjurations
 * Level 9.2 Fire Magic
 * Level 1.9 Air Magic


You had 8 spell levels left.
You knew the following spells:

 Your Spells              Type           Power      Damage    Failure   Level
a - Foxfire               Conj/Fire      100%       2x1d9     1%          1
b - Scorch                Fire           92%        2d9       1%          2
c - Conjure Flame         Conj/Fire      43%        6-21      1%          3
d - Inner Flame           Hex/Fire       27%        N/A       3%          3
e - Flame Wave            Conj/Fire      43%        2d9       2%          4
f - Shock                 Conj/Air       100%       1d9       1%          1
g - Sticky Flame          Conj/Fire      43%        2d6       2%          4
h - Sandblast             Erth           18%        2d7       8%          1

Your spell library contained the following spells:

 Spells                   Type           Power      Damage    Failure   Level
 Static Discharge         Conj/Air       29%        N/A       1%          2
 Swiftness                Air            17%        N/A       10%         3
 Iskenderun's Mystic Bla  Conj/Tloc      25%        2d7       14%         4
 Call Canine Familiar     Summ           9%         N/A       22%         3
 Gell's Gravitas          Tloc           9%         N/A       22%         3
 Lesser Beckoning         Tloc           9%         N/A       22%         3
 Portal Projectile        Hex/Tloc       18%        N/A       22%         3
 Teleport Other           Tloc           9%         N/A       22%         3
 Airstrike                Air            8%         N/A       32%         4
 Dispel Undead            Necr           9%         3d8       58%         4
 Leda's Liquefaction      Hex/Erth       4%         N/A       58%         4
 Chain Lightning          Conj/Air       14%        3d19      100%        9


Dungeon Overview and Level Annotations

Branches:
Dungeon (8/15)             Temple (1/1) D:7          Bailey (1/1)
   Lair: D:8-11

Altars:
Ashenzari
Cheibriados
Dithmenos
Elyvilon
Fedhas
Gozag
Hepliaklqana
Kikubaaqudgha
Makhleb
Nemelex Xobeh
Okawaru
Qazlal
Ru
Sif Muna
Uskayaw
Vehumet
Wu Jian
Xom
Yredelemnul
Zin
The Shining One


Innate Abilities, Weirdness & Mutations

You are immune to sickness and miasma.
Your stone body is resilient. (AC +7)
You are immune to poison.
You resist negative energy. (rN+)
You are resistant to electric shocks. (rElec)
You are resistant to unholy torment.
You are immune to petrification.
You are agile. (Dex +2)
You are robust. (+10% HP)
You are weak. (Str -2)


Message History

Casting: Foxfire (safe; 1% risk of failure)
Confirm with . or Enter, or press ? or * to list all spells.
You don't have enough magic to cast this spell.
Unknown command.
The gnoll shaman hits you but does no damage.
Casting: Foxfire (safe; 1% risk of failure)
Confirm with . or Enter, or press ? or * to list all spells.
You don't have enough magic to cast this spell.
You block the gnoll sergeant's attack.
The gnoll sergeant hits you from afar with a +0 glaive.
The gnoll shaman hits you from afar with a +0 halberd!
* * * LOW HITPOINT WARNING * * *
The gnoll shaman closely misses you.
The gnoll sergeant hits you but does no damage.
The gnoll sergeant closely misses you. The gnoll sergeant barely misses you.
Casting: Foxfire (safe; 1% risk of failure)
Confirm with . or Enter, or press ? or * to list all spells.
You conjure some foxfire!
The wolf howls!
The gnoll sergeant closely misses you.
The foxfire hits the gnoll sergeant.
The gnoll sergeant is heavily wounded.
The foxfire hits the gnoll sergeant.
The gnoll sergeant is severely wounded.
The gnoll sergeant hits you but does no damage. x2
The gnoll shaman misses you.
The gnoll sergeant hits you from afar with a +0 glaive.
* * * LOW HITPOINT WARNING * * *
Casting: Foxfire (safe; 1% risk of failure)
Confirm with . or Enter, or press ? or * to list all spells.
You conjure some foxfire!
You block the gnoll sergeant's attack. The gnoll shaman barely misses you.
The foxfire hits the gnoll sergeant but does no damage.
The gnoll sergeant is severely wounded.
The foxfire hits the gnoll sergeant but does no damage.
The gnoll sergeant is severely wounded.
The wolf bites you but does no damage. x2
The gnoll sergeant hits you from afar with a +0 glaive!
You die...

############
♣.....∩....♣
♣♣♣♣♣.........♣♣
♣..(♣..gg.@....♣
♣........h)....♣
♣.......).)....♣
♣♣♣....).)).....♣♣♣
♣........)).......♣♣
♣♣≈≈≈≈≈≈≈...≈≈≈≈≈≈≈♣♣
♣≈≈...).(.........≈≈♣
♣≈....(...)........≈♣
♣≈.######'''######.≈♣


You could see a gnoll sergeant (fast), a wolf and a gnoll shaman.

Vanquished Creatures
  Pikel (D:7)
  A cyclops (D:8)
  Maggie (D:6)
  A wraith (D:6)
  Eustachio (D:5)
  Menkaure (D:4)
  Edmund (D:4)
  2 water moccasins
  3 black bears
  Duvessa (D:6)
  An orc warrior (D:7)
  2 ice beasts
  3 ogres
  3 wolves (Bailey)
  2 necrophages
  2 centaurs
  A lemure (D:7)
  A phantom (D:6)
  A bullfrog (D:7)
  5 gnoll sergeants (Bailey)
  2 scorpions
  Dowan (D:6)
  A water moccasin skeleton (D:5)
  A wyvern skeleton (D:7)
  4 killer bees (D:7)
  3 hounds
  3 orc priests
  5 gnoll shamans
  2 iguanas
  A jelly (D:5)
  Natasha (thrice) (D:3)
  7 orc wizards
  Robin (D:2)
  12 adders
  16 gnolls
  A shadow imp (D:7)
  An ufetubus (D:7)
  2 dart slugs (D:1)
  13 orcs
  7 endoplasms
  7 giant cockroaches
  19 goblins
  13 hobgoblins
  3 jackals (D:1)
  3 quokkas
  11 ball pythons
  5 bats
  2 frilled lizards
  6 kobolds
  4 rats
193 creatures vanquished.

Vanquished Creatures (others)
  840 foxfires
840 creatures vanquished.

Grand Total: 1033 creatures vanquished

Notes
Turn   | Place    | Note
-------+----------+-------------------------------------------
     0 | D:1      | funkygono the Gargoyle Fire Elementalist began the quest
                  | for the Orb.
     0 | D:1      | Reached XP level 1. HP: 10/10 MP: 3/3
   242 | D:1      | Reached XP level 2. HP: 15/15 MP: 1/5
   284 | D:1      | Learned a level 2 spell: Scorch
   783 | D:1      | Reached XP level 3. HP: 19/19 MP: 0/6
   846 | D:1      | Learned a level 3 spell: Conjure Flame
  1389 | D:2      | Found a blossoming altar of Fedhas.
  1403 | D:2      | Got the Guide on Arcane Weapons
  1497 | D:2      | Noticed Robin
  1576 | D:2      | Killed Robin
  1577 | D:2      | Reached XP level 4. HP: 20/24 MP: 0/7
  1777 | D:2      | Noticed a black bear
  1789 | D:2      | Killed a black bear
  1790 | D:2      | Reached XP level 5. HP: 27/28 MP: 1/9
  2489 | D:2      | Learned a level 3 spell: Inner Flame
  2771 | D:3      | Found a stormy altar of Qazlal.
  2829 | D:3      | Noticed Natasha
  2840 | D:3      | Killed Natasha
  2841 | D:3      | Reached XP level 6. HP: 27/32 MP: 1/11
  3038 | D:3      | Noticed Natasha
  3044 | D:3      | Killed Natasha
  3081 | D:3      | Noticed Natasha
  3087 | D:3      | Killed Natasha
  3544 | D:4      | Found a white marble altar of Elyvilon.
  3590 | D:4      | Noticed a water moccasin
  3600 | D:4      | Killed a water moccasin
  3715 | D:4      | Noticed Menkaure
  3721 | D:4      | Reached XP level 7. HP: 36/36 MP: 8/13
  3731 | D:4      | Killed Menkaure
  3732 | D:4      | Reached skill level 5 in Fire Magic
  3959 | D:4      | Reached skill level 5 in Spellcasting
  4381 | D:4      | Learned a level 4 spell: Flame Wave
  4383 | D:4      | Learned a level 1 spell: Shock
  4401 | D:5      | Entered Level 5 of the Dungeon
  4401 | D:5      | Noticed Edmund
  4475 | D:4      | Killed Edmund
  4602 | D:5      | Reached XP level 8. HP: 41/41 MP: 4/16
  4806 | D:5      | Reached skill level 5 in Conjurations
  4838 | D:5      | Found a blossoming altar of Fedhas.
  4959 | D:5      | Noticed Eustachio
  4967 | D:5      | Killed Eustachio
  5479 | D:5      | Learned a level 4 spell: Sticky Flame
  5563 | D:6      | Reached XP level 9. HP: 46/46 MP: 11/19
  5670 | D:6      | Noticed Maggie
  5680 | D:6      | Killed Maggie
  6033 | D:6      | Noticed Dowan
  6037 | D:6      | Noticed Duvessa
  6038 | D:6      | Killed Dowan
  6046 | D:6      | Killed Duvessa
  6569 | D:7      | Noticed Pikel
  6657 | D:7      | Found a staircase to the Ecumenical Temple.
  7103 | D:7      | Killed Pikel
  7104 | D:7      | Reached skill level 1 in Air Magic
  7104 | D:7      | Reached XP level 10. HP: 44/51 MP: 11/22
  7307 | Temple   | Entered the Ecumenical Temple
  7367 | Temple   | Became a worshipper of Vehumet
  7484 | D:7      | Found a sacrificial altar of Ru.
  7918 | D:7      | Found an ancient bone altar of Kikubaaqudgha.
  8648 | D:8      | Noticed a cyclops
  8657 | D:8      | Killed a cyclops
  8689 | D:8      | Found a flagged portal.
  8747 | Bailey   | Entered a bailey
  8953 | Bailey   | Reached skill level 1 in Fighting
  9300 | Bailey   | Reached * piety under Vehumet
  9300 | Bailey   | Offered knowledge of Sandblast by Vehumet.
  9316 | Bailey   | Learned a level 1 spell: Sandblast
  9492 | Bailey   | Gained mutation: You are robust. (+10% HP) [potion of
                  | mutation]
  9492 | Bailey   | Gained mutation: You are weak. (Str -2) [potion of
                  | mutation]
  9492 | Bailey   | Gained mutation: You are agile. (Dex +2) [potion of
                  | mutation]
  9581 | Bailey   | Slain by a gnoll sergeant

Illustrated notes

Levels and vault maps discovered:
D:1:      onia_arrival_mini_maze, layout_loops_ring
D:2:      layout_basic, basic_altar, nrook_mini_vaults, uniq_robin
D:3:      layout_rooms, nicolae_qazlal_scattered_showers, uniq_natasha
D:4:      layout_basic, lemuel_tele_altar, uniq_menkaure
D:5:      layout_rooms, fedhas_altar_1, uniq_eustachio, uniq_edmund
D:6:      layout_basic, minivault_24, uniq_duvessa, uniq_maggie
D:7:      layout_cave_pods, mainiacjoe_overflow_small_starburst,
          nicolae_ru_great_annihilating_truth, minmay_temple_entry_proselytizer,
          hangedman_decor_riveting, uniq_pikel
D:8:      layout_basic, overflow_temple_1_default,
          nicolae_ossuary_entry_monument, enter_bailey_4,
          kennysheep_generic_room_9, uniq_grum, uniq_prince_ribbit1
Temple:   eino_temple_scatter_basement
Bailey:   bailey_polearm_gnolls_kennysheep, bailey

Skill      XL: |  1  2  3  4  5  6  7  8  9 10 |
---------------+-------------------------------+-----
Conjurations   | 2 3 4 6 7 |  7.9
Spellcasting   | 3 4 5 6 8 9 |  9.4
Fire Magic     | 4 5 7 8 9 |  9.2
Dodging        | 2 |  2.1
Air Magic      | 1 |  1.9
Fighting       | 1 |  1.1
Stealth        | |  2.1
Shields        | |  0.4

Action                   |  1- 3 |  4- 6 |  7- 9 | 10-12 || total
-------------------------+-------+-------+-------+-------++-------
Melee: Whip              |     4 |       |       |       ||     4
       Flail             |       |       |       |    14 ||    14
 Cast: Foxfire           |    73 |    74 |   189 |   156 ||   492
       Scorch            |     4 |    12 |    43 |    18 ||    77
       Shock             |       |       |     6 |       ||     6
       Flame Wave        |       |       |       |     4 ||     4
  Use: Scroll            |       |     5 |     8 |     3 ||    16
       Potion            |       |       |       |     8 ||     8
Armor: Robe              |     2 |     5 |    19 |    82 ||   108
       Skin              |       |       |       |    38 ||    38
Dodge: Dodged            |     6 |    16 |    25 |   105 ||   152
Block: Other             |       |     2 |    11 |    60 ||    73
       Reflection        |       |       |     2 |     1 ||     3
